 Dungeon Crawl Stone Soup version 0.31-a0-196-g86fe4a5e66 (webtiles) character file.

Game seed: 5134152053629911825

672 olmar the Covered (level 7, 0/55 (63) HPs)
             Began as an Armataur Fighter on June 25, 2023.
             Slain by an orc warrior
             ... wielding a +0 battleaxe
              (7 damage)
             ... on level 4 of the Dungeon.
             The game lasted 00:05:10 (3857 turns).

olmar the Covered (Armataur Fighter)                Turns: 3857, Time: 00:05:11

HP:   0/55 (63)     AC:  9    Str: 23    XL:     7   Next: 32%
MP:   7/7           EV:  6    Int:  9    God:
Gold: 273           SH:  5    Dex:  9    Spells: 6/6 levels left

rFire   + . .        a - +0 flail
rCold   . . .        c - +1 buckler
rNeg    . . .        l - +0 chain mail
rPois   .            (no helmet)
rElec   .            (no cloak)
rCorr   .            (no gloves)
SInv    .            (no barding)
Will    .....        (no amulet) Stlth
                     b - ring of protection from fire
HPRegen 0.29/turn    (no ring)
MPRegen 0.10/turn

%: roll
@: heavily drained
A: large, rugged brown scales 3, deformed body, armoured tail, roll, long
tongue, awkward tongue
a: no special abilities


You were on level 4 of the Dungeon.
You visited 1 branch of the dungeon, and saw 5 of its levels.

You collected 273 gold pieces.

Inventory:

Hand Weapons
 a - a +0 flail (weapon)
Missiles
 f - a javelin
 m - 16 poisoned darts (quivered)
Armour
 c - a +1 buckler (worn)
 l - a +0 chain mail (worn)
Jewellery
 b - a ring of protection from fire (left hand)
 e - a ring of flight
Scrolls
 d - a scroll of enchant armour
 h - a scroll of identify
 j - a scroll of torment {unknown}
 n - a scroll of blinking {unknown}
 o - a scroll of revelation {unknown}
 s - a scroll of immolation {unknown}
Potions
 g - 2 potions of attraction
 k - 2 potions of resistance
 r - a potion of magic {unknown}


   Skills:
 + Level 4.0 Fighting
 + Level 5.2 Maces & Flails
 + Level 6.0 Armour
 + Level 4.5 Shields


You had 6 spell levels left.
You didn't know any spells.
Your spell library contained the following spells:

 Spells                   Type           Power      Damage    Failure   Level
 Summon Small Mammal      Summ           0%         N/A       95%         1
 Call Canine Familiar     Summ           0%         N/A       100%        3
 Summon Guardian Golem    Hex/Summ       0%         N/A       100%        3


Dungeon Overview and Level Annotations

Branches:
Dungeon (5/15)
 Temple: D:4-7

Altars:
Yredelemnul

Annotations:
D:2 1 runed translucent door, Crazy Yiuf


Innate Abilities, Weirdness & Mutations

You are completely covered in rugged brown scales. (AC +3, +7% HP)
Armour fits poorly on your strangely shaped body.
You have a long armoured tail.
You roll when moving toward enemies. (Rampage)
Your long tongue fully drains potion bottles. (2x potion effects)
Your tongue gives you trouble enunciating. (1.5x scroll delay)


Message History

The orc warrior hits you with a +0 battleaxe!
* * * LOW HITPOINT WARNING * * *
You completely miss the wight.
The wight is almost destroyed.
The wight hits you but does no damage. The orc warrior barely misses you.
Unknown command.
You feel better.
You slurp down every last drop of the potion of curing!
You block the wight's attack. The orc warrior barely misses you.
Okay, then.
It was a potion of ambrosia.
You are confused.
You feel invigorated.
You slurp down every last drop of the potion of ambrosia!
The wight hits you with a +4 halberd! The orc warrior barely misses you.
The wight hits you with a +4 halberd!
You feel drained. The orc warrior barely misses you.
The wight closely misses you.
The orc warrior hits you with a +0 battleaxe!
There is a stone staircase leading down, spattered with blood here.
You barely miss the orc warrior.
You feel less invigorated.
You feel less confused. The wight hits you with a +4 halberd.
You feel drained. The orc warrior barely misses you.
You hit the wight but do no damage.
The wight is almost destroyed.
The wight barely misses you. You block the orc warrior's attack.
The orc warrior barely misses you. The wight hits you with a +4 halberd!
You barely miss the wight.
The wight is almost destroyed.
The wight hits you but does no damage. The orc warrior closely misses you.
Unknown command.
You hit the wight but do no damage.
The wight is almost destroyed.
The wight hits you with a +4 halberd!
* * * LOW HITPOINT WARNING * * *
You feel drained.
* * * LOW HITPOINT WARNING * * *
The orc warrior hits you with a +0 battleaxe!
You die...

#########..# #######.#
.#..........## #.....#.#
.#...........## #.......#
.#.........#..##
##......##
.#.........##..#
#......##
.#.........###.###......#
.#.........# #...#......#
.#.........#####.o......#
.'.........+...z@.#.....#
##.........##############
#.).......# ##.........#
)'<........# ##.........#
#.........# ###########


You could see an orc warrior and a wight.

Vanquished Creatures
  An ogre (D:3)
  2 phantoms (D:4)
  A howler monkey (D:5)
  A jelly (D:5)
  2 hounds
  2 iguanas
  Natasha (twice) (D:2)
  An orc wizard (D:3)
  4 gnolls (D:4)
  4 adders
  16 orcs
  7 endoplasms
  4 giant cockroaches
  8 goblins
  5 hobgoblins
  6 jackals
  6 kobolds
  2 quokkas (D:1)
  11 ball pythons
  5 bats
  A frilled lizard (D:1)
  5 rats
96 creatures vanquished.

Vanquished Creatures (others)
  An orc (D:3)
1 creature vanquished.

Grand Total: 97 creatures vanquished

Notes
Turn   | Place    | Note
-------+----------+-------------------------------------------
     0 | D:1      | olmar the Armataur Fighter began the quest for the Orb.
     0 | D:1      | Reached XP level 1. HP: 19/19 MP: 1/1
   295 | D:1      | Reached XP level 2. HP: 26/26 MP: 2/2
   439 | D:1      | Reached skill level 4 in Armour
   811 | D:2      | Reached XP level 3. HP: 33/33 MP: 3/3
   867 | D:2      | Noticed Natasha
   878 | D:2      | Killed Natasha
  1089 | D:2      | Reached XP level 4. HP: 40/40 MP: 4/4
  1162 | D:2      | Found a runed translucent door.
  1163 | D:2      | Noticed Crazy Yiuf
  1260 | D:2      | Noticed Natasha
  1266 | D:2      | Killed Natasha
  1421 | D:3      | Noticed an ogre
  1435 | D:3      | Reached XP level 5. HP: 25/48 MP: 5/5
  1438 | D:3      | Killed an ogre
  1439 | D:3      | Reached skill level 5 in Armour
  1949 | D:3      | Found a basalt altar of Yredelemnul.
  2373 | D:4      | Noticed an orc warrior
  2379 | D:4      | Reached XP level 6. HP: 52/54 MP: 6/6
  3219 | D:5      | Entered Level 5 of the Dungeon
  3236 | D:4      | Reached XP level 7. HP: 55/62 MP: 7/7
  3562 | D:5      | Reached skill level 5 in Maces & Flails
  3631 | D:5      | Reached skill level 6 in Armour
  3857 | D:4      | Slain by an orc warrior

Illustrated notes

Levels and vault maps discovered:
D:1:      matt_arrival_refuge, layout_basic
D:2:      layout_rooms, uniq_crazy_yiuf_cottage, uniq_natasha
D:3:      layout_basic, mainiacjoe_overflow_boulevard
D:4:      layout_basic, ebering_ghost_disaster_area
D:5:      layout_basic, nicolae_sextant, minmay_misc_feat_plants

Skill      XL: |  1  2  3  4  5  6  7 |
---------------+----------------------+-----
Armour         | 4 5 6 |  6.0
Maces & Flails | 2 3 4 5 |  5.2
Fighting       | 3 4 |  4.0
Shields        | 4 |  4.5

Action                     |  1- 3 |  4- 6 |  7- 9 || total
---------------------------+-------+-------+-------++-------
  Melee: Flail             |    87 |   162 |    52 ||   301
         Tailslap          |     4 |    11 |     5 ||    20
  Throw: Javelin           |       |     3 |       ||     3
         Dart              |       |     9 |       ||     9
    Use: Scroll            |       |     7 |     1 ||     8
         Potion            |       |     4 |     3 ||     7
   Stab: Invisible         |       |     7 |       ||     7
 Armour: Scale mail        |    14 |       |       ||    14
         Chain mail        |    46 |    63 |    21 ||   130
         Skin              |       |    14 |       ||    14
  Dodge: Dodged            |    26 |    47 |    19 ||    92
  Block: Buckler           |    21 |    43 |    17 ||    81

Table legend: (Time is in decaauts)
 A = Elapsed time spent in this place.
 B = Non-inter-level travel time spent in this place.
 C = Inter-level travel time spent in this place.
 D = Time resting spent in this place.
 E = Time spent auto-exploring this place.
 F = Levels seen in this place.
 G = Mean time per level.
                   A        B        C        D        E       F      G
               +--------+--------+--------+--------+--------+-----+--------+
         Total |   3955 |   3846 |    109 |    933 |   2186 |   5 |  791.0 |
       Dungeon |   3955 |   3846 |    109 |    933 |   2186 |   5 |  791.0 |
               +--------+--------+--------+--------+--------+-----+--------+

Top non-repeatable levels by time:
     D:4: 1074 daAuts
     D:3: 1055 daAuts
     D:1: 783 daAuts
     D:2: 589 daAuts
     D:5: 452 daAuts
